 Dungeon Crawl Stone Soup version 0.24-a0-520-g8fd06ad0bc (webtiles) character file.

Game seed: 10346487347403790631

1 Goblin1989 the Chopper (level 1, -1/31 HPs)
             Began as a Naga Berserker on July 24, 2019.
             Was a Follower of Trog.
             Slain by a jackal (2 damage)
             ... on level 1 of the Dungeon.
             The game lasted 00:00:14 (16 turns).

Goblin1989 the Chopper (Naga Berserker)               Turns: 16, Time: 00:00:15

Health: -1/31      AC:  1    Str: 24    XL:     1   Next: 20%
Magic:  1/1        EV: 10    Int:  7    God:    Trog [*.....]
Gold:   0          SH:  0    Dex: 10    Spells: 0/0 levels left

rFire    . . .     SeeInvis +   a - +0 hand axe
rCold    . . .     Gourm    .   (no shield)
rNeg     . . .     Faith    .   b - +0 animal skin
rPois    +         Spirit   .   (no helmet)
rElec    .         Reflect  .   (no cloak)
rCorr    .         Harm     .   (no gloves)
MR       .....                  (no barding)
Stlth    ..........             (no amulet)
HPRegen  0.10/turn              (no ring)
MPRegen  0.07/turn              (no ring)

@: berserking (expiring), quick
A: large, see invisible, deformed body, poison resistance, slowness 2, slow
metabolism 1, spit poison 1, AC +0
a: Spit Poison, Berserk, Renounce Religion


You were on level 1 of the Dungeon.
You worshipped Trog.
Trog was aware of your devotion.
You were not hungry.

You visited 1 branch of the dungeon, and saw 1 of its levels.

Inventory:

Hand Weapons
 a - a +0 hand axe (weapon)
Armour
 b - a +0 animal skin (worn)
Comestibles
 e - a ration


   Skills:
 + Level 3.0 Fighting
 * Level 3.0 Axes
 + Level 1.5 Armour
 + Level 1.5 Dodging


You couldn't memorise any spells.
You didn't know any spells.
Your spell library was empty.

Dungeon Overview and Level Annotations

Branches:
Dungeon (1/15)

Altars:


Innate Abilities, Weirdness & Mutations

You cannot wear boots.
Your serpentine skin is tough. (AC +0)
You have supernaturally acute eyesight. (SInv)
Armour fits poorly on your strangely shaped body.
Your system is resistant to poisons. (rPois)
You cover ground very slowly.
You have a slow metabolism.
You can spit poison.


Message History

There are monsters nearby!
The jackal barks!
You hear a bark!
The bat barely misses you.
A jackal comes into view. x2
The bat barely misses you.
You barely miss the bat. The bat barely misses you.
A jackal comes into view.
The jackal moves out of view.
The bat closely misses you. The jackal bites you.
You take 3 damage, and have 18/21 hp.
You barely miss the jackal. You hit the plant but do no damage.
You hit the jackal. The bat hits you but does no damage.
The jackal barely misses you. The jackal bites you.
The jackal bites you but does no damage.
You take 2 damage, and have 16/21 hp.
You hit the jackal.
You kill the jackal!
Trog accepts your kill.
You hit the jackal but do no damage. You hit the plant. The bat hits you.
The jackal bites you.
You take 2 damage, and have 14/21 hp.
You barely miss the jackal. You completely miss the plant. The bat hits you.
The jackal closely misses you. The jackal barely misses you.
You take 1 damage, and have 13/21 hp.
You hit the jackal.
The jackal is heavily wounded.
You hit the plant but do no damage. The bat hits you. The jackal bites you.
* * * LOW HITPOINT WARNING * * *
The jackal bites you.
* * * LOW HITPOINT WARNING * * *
You are too injured to fight recklessly!
You are too injured to fight recklessly!
You are too injured to fight recklessly!
You take 6 damage, and have 7/21 hp.
MASSIVE DAMAGE!!
You are too injured to fight recklessly!
You are too injured to fight recklessly!
You are too injured to fight recklessly!
You are too injured to fight recklessly!
You are too injured to fight recklessly!
You are too injured to fight recklessly!
You are too injured to fight recklessly!
You are too injured to fight recklessly!
You are too injured to fight recklessly!
You are too injured to fight recklessly!
You are too injured to fight recklessly!
You are too injured to fight recklessly!
You are too injured to fight recklessly!
You are too injured to fight recklessly!
You are too injured to fight recklessly!
You are too injured to fight recklessly!
You are too injured to fight recklessly!
You are too injured to fight recklessly!
You are too injured to fight recklessly!
You are too injured to fight recklessly!
You are too injured to fight recklessly!
A red film seems to cover your vision as you go berserk!
You feel yourself moving faster!
You feel mighty!
You feel a lot more hungry. The jackal bites you.
* * * LOW HITPOINT WARNING * * *
The bat barely misses you.
You now have 10/31 hp.
You barely miss the jackal.
The jackal is moderately wounded.
You hit the plant. You miss the bat. The bat hits you.
* * * LOW HITPOINT WARNING * * *
The jackal bites you.
* * * LOW HITPOINT WARNING * * *
You take 3 damage, and have 7/31 hp.
You closely miss the jackal.
The jackal is moderately wounded.
You hit the plant. You miss the bat. The bat hits you but does no damage.
The bat hits you.
* * * LOW HITPOINT WARNING * * *
The jackal bites you.
* * * LOW HITPOINT WARNING * * *
You take 3 damage, and have 4/31 hp.
You barely miss the jackal.
The jackal is moderately wounded.
You closely miss the bat. You hit the plant.
The bat hits you but does no damage. The jackal bites you.
* * * LOW HITPOINT WARNING * * *
You take 1 damage, and have 3/31 hp.
You barely miss the jackal.
The jackal is moderately wounded.
You hit the plant but do no damage. The jackal barely misses you.
The bat hits you.
* * * LOW HITPOINT WARNING * * *
The jackal barely misses you.
You take 1 damage, and have 2/31 hp.
You closely miss the jackal.
The jackal is moderately wounded.
You barely miss the bat. You hit the plant but do no damage. The bat hits you.
* * * LOW HITPOINT WARNING * * *
The jackal misses you.
You take 1 damage, and have 1/31 hp.
You barely miss the jackal.
The jackal is moderately wounded.
You hit the plant but do no damage. The bat hits you but does no damage.
The jackal bites you.
You die...

█ █≈█ .█ █ █.
≈≈≈≈.██
█.██)██≈██..█
█....P█≈█P..███
█...P.P......
███........█.█
.......<...█.█
[..█.........█
......P.P.@b.█
.....P█≈█Ph†......█
.....██≈██.█.......
███.. ≈≈≈≈!█.██████
... ██≈██.█.█ █..
█≈█P.█.█ P. ..?.█
......


You could see a jackal and a bat.

Vanquished Creatures
  A jackal (D:1)
1 creature vanquished.

Notes
Turn   | Place    | Note
-------+----------+-------------------------------------------
     0 | D:1      | Goblin1989 the Naga Berserker began the quest for the Orb.
     0 | D:1      | Reached XP level 1. HP: 21/21 MP: 1/1
    15 | D:1      | HP: 1/31 [bat (1)]
    16 | D:1      | Slain by a jackal

Levels and vault maps discovered:
D:1:      eino_arrival_water_cross, layout_basic

Action                   || total
-------------------------++-------
Melee: Hand axe          ||    11
Invok: Berserk           ||     1
Armor: Animal skin       ||     5
Dodge: Dodged            ||    11

Table legend:
 A = Non-vault XP
 B = Vault XP
 C = Vault XP percentage of total XP
 D = Non-vault monster count
 E = Vault monster count
 F = Vault count percentage of total count
                 A         B        C        D         E       F
            +---------+---------+-------+---------+---------+-------
      Total |       2 |       0 |   0.0 |       1 |       0 |   0.0
            +---------+---------+-------+---------+---------+-------
        D:1 |       2 |       0 |   0.0 |       1 |       0 |   0.0
            +---------+---------+-------+---------+---------+-------

Levels and vault maps discovered:
D:1:      eino_arrival_water_cross, layout_basic
